 Dungeon Crawl Stone Soup version 0.32-a0-984-gb8cfe57ea9 (webtiles) character file.

Game seed: 14151973994868659729

10171 P0WERM0DE the Prestidigitator (level 11, -11/91 HPs)
             Began as a Coglin Chaos Knight on Apr 21, 2024.
             Was a Plaything of Xom.
             Mangled by Harold the bunyip (31 damage)
             ... on level 9 of the Dungeon.
             The game lasted 00:05:35 (8214 turns).

P0WERM0DE the Prestidigitator (Coglin Chaos Knight) Turns: 8214, Time: 00:05:36

Health: -11/91     AC: 16    Str: 15    XL:     11   Next: 57%
Magic:  11/11      EV: 10    Int: 13    God:    Xom [*.....]
Gold:   453        SH:  0    Dex: 14    Spells: 10/10 levels left

rFire   . . .        m - +4 scimitar (flame) {Yejun}
rCold   . . .        b - +6 quick blade (chaos) {Ning}
rNeg    . . .        x - +2 leather armour {rPois}
rPois   +            H - +2 hat
rElec   .            A - +2 cloak
rCorr   .            y - +2 pair of gloves
SInv    .            B - +1 pair of boots
Will    .....        (amulet unavailable)
Stlth   +            (ring unavailable)
HPRegen 0.35/turn    (ring unavailable)
MPRegen 0.12/turn    (no gizmo)

%: no passive effects
@: studying Unarmed Combat, revved
A: off-hand wielding, slow wielding, warmup strikes, no jewellery, horns 2, wild
magic 1, evolution 1, MP-powered wands
a: Invent Gizmo, Renounce Religion


You were on level 9 of the Dungeon.
You worshipped Xom.
You were a special plaything of Xom.
You visited 1 branch of the dungeon, and saw 9 of its levels.

You collected 515 gold pieces.
You spent 62 gold pieces at shops.

Inventory:

Hand Weapons
 a - a +0 hand axe of chaos {Francisco}
 b - a +6 quick blade of chaos (offhand) {Ning}
   (Xom gifted it to you on level 5 of the Dungeon)
 d - a +0 dagger {Natsumi}
 l - a +2 dagger of protection {Noor}
   (You took it off a goblin on level 1 of the Dungeon)
 m - a +4 scimitar of flaming (weapon) {Yejun}
   (You took it off Erica on level 8 of the Dungeon)
 E - a +1 whip of flaming
   (You found it on level 4 of the Dungeon)
 F - a +1 dagger of holy wrath
   (You found it on level 7 of the Dungeon)
Missiles
 o - 2 throwing nets (quivered)
Armour
 u - a scarf of harm
   (You found it on level 9 of the Dungeon)
 x - a +2 leather armour of poison resistance (worn)
   (You took it off Eustachio on level 4 of the Dungeon)
 y - a +2 pair of gloves (worn)
   (You found it on level 4 of the Dungeon)
 A - a +2 cloak (worn)
   (You took it off Crazy Yiuf on level 4 of the Dungeon)
 B - a +1 pair of boots (worn)
   (You found it on level 6 of the Dungeon)
 H - a +2 hat (worn)
   (You found it on level 8 of the Dungeon)
Wands
 j - a wand of flame (17)
   (You took it off Jessica on level 2 of the Dungeon)
Scrolls
 c - a scroll of butterflies
 f - a scroll of fear
 i - 2 scrolls of revelation
 k - 2 scrolls of amnesia
 r - 2 scrolls of identify
 t - 10 scrolls of teleportation
 v - 3 scrolls of silence
 z - a scroll of fog
 D - 2 scrolls of poison
 G - a scroll of immolation
Potions
 e - 2 potions of berserk rage
 g - 4 potions of enlightenment
 h - 2 potions of haste
 n - a potion of cancellation {unknown}
 p - a potion of lignification
 q - 5 potions of curing
 s - 2 potions of mutation {unknown}
 w - a potion of heal wounds
 C - a potion of resistance {unknown}


   Skills:
 * Level 10.3 Fighting
 * Level 6.5 Short Blades
 - Level 7.7 Axes
 * Level 6.3 Armour
 - Level 0.8 Dodging
 * Level 11.7 Evocations


You had 10 spell levels left.
You didn't know any spells.
Your spell library contained the following spells:

 Spells                   Type           Power      Damage    Failure   Level
 Foxfire                  Conj/Fire      0%         2x1d4     45%         1
 Slow                     Hex            0%         N/A       45%         1
 Sting                    Conj/Alch      0%         1d3       45%         1
 Summon Small Mammal      Summ           0%         N/A       45%         1
 Ensorcelled Hibernation  Hex/Ice        0%         N/A       58%         2
 Mercury Vapours          Alch/Air       0%         N/A       58%         2
 Call Canine Familiar     Summ           0%         N/A       80%         3
 Confusing Touch          Hex            0%         N/A       80%         3
 Inner Flame              Hex/Fire       0%         N/A       80%         3
 Passwall                 Erth           0%         N/A       80%         3
 Swiftness                Air            0%         N/A       80%         3
 Vampiric Draining        Necr           0%         2d6       80%         3
 Olgreb's Toxic Radiance  Alch           0%         N/A       99%         4
 Summon Blazeheart Golem  Fire/Summ      0%         N/A       99%         4
 Irradiate                Conj/Alch      0%         3d11      100%        5
 Plasma Beam              Fire/Air       0%         2x1d10    100%        6
 Starburst                Conj/Fire      0%         6d3       100%        6
 Ignition                 Fire           0%         3d3       100%        8


Dungeon Overview and Level Annotations

Branches:
Dungeon (9/15)             Temple (0/1) D:7
   Lair: D:8-11         Orc: D:9-12

Altars:
Fedhas
Gozag
Makhleb
Qazlal
Sif Muna
Uskayaw
Xom
Yredelemnul

Shops:
D:2 :   D:5 :   D:6 *   D:8 *

Annotations:
D:6 2 runed translucent doors
D:9 Harold


Innate Abilities, Weirdness & Mutations

You can wield a second weapon in your off-hand.
It takes a long time for you to wield or remove held weapons.
Your first few attacks do less damage.
You cannot equip rings or amulets.
You have a pair of horns on your head.
Your spells are a little harder to cast, but a little more powerful.
You have hidden genetic potential.
You expend magic power (3 MP) to strengthen your wands.


Message History

You burn Harold.
Harold is lightly wounded.
You hit Harold with your +4 scimitar of flaming.
You burn Harold. Harold hits you but does no damage.
You hit Harold but do no damage. Your headbutt misses Harold.
Harold is moderately wounded.
You hit Harold with your +6 quick blade of chaos.
You burn Harold. You hit Harold but do no damage.
Harold is moderately wounded.
Harold hits you with a +1 scimitar of pain!!
You writhe in agony.
You hit Harold with your +4 scimitar of flaming.
You burn Harold. You headbutt Harold, but do no damage.
Harold is moderately wounded.
You hit Harold with your +6 quick blade of chaos.
Harold's magic leaks into the air.
You hit Harold but do no damage.
Harold is moderately wounded.
Harold hits you with a +1 scimitar of pain!
You writhe in agony.
You barely miss Harold with your +6 quick blade of chaos.
You headbutt Harold, but do no damage.
You puncture Harold with your +6 quick blade of chaos!
You freeze Harold. Your headbutt misses Harold.
Harold is heavily wounded.
You barely miss Harold with your +4 scimitar of flaming.
Harold hits you but does no damage.
You writhe in agony.
Harold is nearby!
You hit Harold with your +6 quick blade of chaos.
Harold looks weaker.
You hit Harold with your +6 quick blade of chaos.
You burn Harold.
Harold is heavily wounded.
You hit Harold but do no damage.
You hear Xom's avuncular chuckle.
Harold evaporates and reforms as a bunyip!
Harold claws you! Harold claws you!!
* * * LOW HITPOINT WARNING * * *
Harold claws you!!
You die...
Xom howls with laughter!

....#...###..... #.........#.[..
....#.....+ .... #.....#####....
'####.....# ... #.....#........
..).......# .####.....#........
..........# #........#........
..........# #........#........
..........######........#.......#
........................#......(#
................@.......#.[....[#
................x.......#........
....#########...........#........
#...........#########
+............ #....########
#....# #....#


You could see Harold the bunyip.

Vanquished Creatures
  Erica (D:8)
  4 two-headed ogres
  A harpy (shapeshifter) (D:9)
  The ghost of Zaque the Zephyrmancer, a novice TeAE of Vehumet (D:8)
  An ugly thing (D:9)
  A kobold demonologist (D:9)
  A hornet (D:8)
  A tarantella (shapeshifter) (D:9)
  A spriggan (D:8)
  A wyvern (D:8)
  A wraith (D:9)
  2 yaks (D:6)
  Eustachio (D:4)
  2 steam dragons
  A water moccasin (D:4)
  A hornet zombie (D:7)
  An ice beast (D:7)
  An orc warrior (D:8)
  A sky beast (D:6)
  5 black bears
  3 ogres
  A phantom (D:5)
  2 weeping skulls (D:7)
  A kobold brigand (D:9)
  4 scorpions
  5 bullfrogs
  7 wights
  11 killer bees
  A howler monkey (D:6)
  A centaur zombie (D:7)
  A bombardier beetle (D:3)
  A bullfrog zombie (D:7)
  A human zombie (D:7)
  2 jellies
  2 hounds
  Crazy Yiuf (D:4)
  2 orc priests (D:7)
  Jessica (D:2)
  Natasha (D:2)
  2 iguanas (D:5)
  2 orc wizards
  A mummy (D:7)
  Robin (D:2)
  3 howler monkey zombies (D:7)
  7 gnolls
  13 adders
  A shadow imp (D:7)
  A white imp (D:8)
  An ufetubus (D:6)
  3 dart slugs
  A ribbon worm (D:2)
  29 orcs
  19 ball pythons
  3 bats
  8 endoplasms
  3 giant cockroaches
  14 goblins
  9 hobgoblins
  3 quokkas
  3 frilled lizards
  9 kobolds
  4 rats
217 creatures vanquished.

Vanquished Creatures (collateral kills)
  Pikel (D:4)
  Edmund (D:4)
  An adder (D:4)
  An orc (D:4)
  An endoplasm (D:4)
  A goblin (D:4)
6 creatures vanquished.

Grand Total: 223 creatures vanquished

Notes
Turn   | Place    | Note
-------+----------+-------------------------------------------
     0 | D:1      | P0WERM0DE the Coglin Chaos Knight began the quest for the
                  | Orb.
     0 | D:1      | Reached XP level 1. HP: 18/18 MP: 1/1
   103 | D:1      | Reached XP level 2. HP: 24/24 MP: 2/2
   423 | D:1      | Reached XP level 3. HP: 27/29 MP: 3/3
   556 | D:1      | XOM: silly message
   823 | D:2      | Found Zeesea's Book Boutique.
   842 | D:2      | Noticed Robin
   849 | D:2      | Reached XP level 4. HP: 37/37 MP: 4/4
   859 | D:2      | Killed Robin
   899 | D:2      | XOM: silly message
   963 | D:2      | Noticed Natasha
   969 | D:2      | XOM: silly message
   969 | D:2      | Killed Natasha
  1200 | D:2      | Noticed Jessica
  1202 | D:2      | Reached XP level 5. HP: 43/43 MP: 5/5
  1207 | D:2      | Killed Jessica
  1264 | D:3      | XOM: divination: detect items
  1374 | D:3      | XOM: silly message
  1412 | D:3      | XOM: enchant monster (good)
  1418 | D:3      | Reached skill level 1 in Evocations
  1431 | D:3      | XOM: give mutations
  1431 | D:3      | Gained mutation: You expend magic power (3 MP) to
                  | strengthen your wands. [Xom's grace]
  1431 | D:3      | Gained mutation: Your spells are a little harder to cast,
                  | but a little more powerful. [Xom's grace]
  1501 | D:3      | XOM: 1-stop teleportation journey
  1740 | D:3      | Reached XP level 6. HP: 49/50 MP: 6/6
  1775 | D:3      | Found a shimmering blue altar of Sif Muna.
  1804 | D:3      | Reached skill level 2 in Evocations
  1874 | D:3      | Reached skill level 5 in Fighting
  1876 | D:3      | Reached skill level 5 in Axes
  2178 | D:4      | XOM: cloud trail
  2191 | D:4      | Noticed Pikel
  2197 | D:4      | Noticed a water moccasin
  2198 | D:4      | Killed Pikel
  2199 | D:4      | Reached skill level 4 in Evocations
  2199 | D:4      | Reached XP level 7. HP: 47/58 MP: 7/7
  2202 | D:4      | Reached skill level 5 in Evocations
  2202 | D:4      | Reached XP level 8. HP: 53/64 MP: 8/8
  2311 | D:4      | Noticed Edmund
  2315 | D:4      | Killed Edmund
  2340 | D:4      | Noticed Eustachio
  2365 | D:4      | Killed Eustachio
  2366 | D:4      | Reached skill level 6 in Evocations
  2440 | D:4      | XOM: scenery: summon butterflies
  2759 | D:4      | Found a runed translucent door.
  2760 | D:4      | Noticed Crazy Yiuf
  2996 | D:4      | Killed Crazy Yiuf
  3133 | D:4      | XOM: god gift: 3 scrolls of teleportation
  3171 | D:5      | Entered Level 5 of the Dungeon
  3382 | D:5      | XOM: scenery: create altars
  3421 | D:5      | XOM: cloud trail
  3593 | D:5      | Found Tehepn's Book Shoppe.
  3657 | D:5      | Reached skill level 7 in Evocations
  3765 | D:5      | XOM: god gift: long jewelled staff {god gift}
  3887 | D:5      | XOM: god gift: +5 quick blade of chaos
  4104 | D:6      | XOM: give mutations
  4104 | D:6      | Gained mutation: Your spells are harder to cast, but more
                  | powerful. [Xom's grace]
  4104 | D:6      | Gained mutation: Your muscles are strong. (Str +4, Int/Dex
                  | -1) [Xom's grace]
  4104 | D:6      | Gained mutation: You have a pair of small horns on your
                  | head. [Xom's grace]
  4104 | D:6      | Gained mutation: You have a pair of horns on your head.
                  | [Xom's grace]
  4201 | D:6      | XOM: draining
  4207 | D:6      | Reached skill level 1 in Short Blades
  4207 | D:6      | Reached XP level 9. HP: 62/67 MP: 9/9
  4243 | D:6      | Found a large runed translucent door.
  4243 | D:6      | Found a large runed translucent door.
  4246 | D:6      | Noticed a two-headed ogre
  4258 | D:6      | Found a large runed translucent door.
  4258 | D:6      | Found a large runed translucent door.
  4286 | D:6      | Found a stormy altar of Qazlal.
  4302 | D:6      | Found a blossoming altar of Fedhas.
  4600 | D:6      | XOM: fog
  4711 | D:6      | Found Zihuef's Assorted Antiques.
  4716 | D:6      | Bought a scroll labelled ITUELY YPHOS for 31 gold pieces
  4716 | D:6      | Bought a scroll labelled LUESMO AQU for 31 gold pieces
  4838 | D:6      | Noticed a two-headed ogre
  4840 | D:6      | XOM: noise
  4844 | D:6      | Killed a two-headed ogre
  4845 | D:6      | Reached skill level 8 in Evocations
  5299 | D:6      | Noticed a two-headed ogre
  5299 | D:6      | XOM: chaos upgrade
  5303 | D:6      | Killed a two-headed ogre
  5304 | D:6      | Reached skill level 9 in Evocations
  5304 | D:6      | Reached XP level 10. HP: 62/82 MP: 10/10
  5380 | D:6      | XOM: swap monsters
  5387 | D:6      | Killed a two-headed ogre
  5762 | D:7      | XOM: smoke on damage
  5913 | D:7      | Reached skill level 10 in Evocations
  6115 | D:7      | Found a staircase to the Ecumenical Temple.
  6240 | D:7      | Reached skill level 5 in Short Blades
  6245 | D:7      | Found a basalt altar of Yredelemnul.
  6526 | D:8      | Found Cicw's General Store.
  6577 | D:8      | XOM: chaos cloud
  6580 | D:8      | Reached skill level 5 in Armour
  6583 | D:8      | Paralysed by a hornet for 2 turns
  6755 | D:8      | XOM: 2-stop teleportation journey
  6760 | D:8      | XOM: summons 6 hostile demons
  6872 | D:8      | XOM: 3-stop teleportation journey
  6920 | D:8      | Found a runed translucent door.
  6920 | D:8      | Noticed Zaque's ghost (novice TeAE)
  7035 | D:8      | Found a burning altar of Makhleb.
  7281 | D:8      | Reached XP level 11. HP: 80/89 MP: 11/11
  7317 | D:8      | Noticed Erica
  7319 | D:8      | XOM: divination: detect creatures
  7323 | D:8      | XOM: confuse monster(s)
  7338 | D:8      | Killed Erica
  7339 | D:8      | Reached skill level 11 in Evocations
  7394 | D:8      | XOM: give mutations
  7394 | D:8      | Gained mutation: You have hidden genetic potential. [Xom's
                  | mischief]
  7394 | D:8      | Lost mutation: Your muscles are strong. (Str +4, Int/Dex
                  | -1) [Xom's mischief]
  7394 | D:8      | Lost mutation: Your spells are harder to cast, but more
                  | powerful. [Xom's mischief]
  7429 | D:8      | XOM: torment (46/90 hp)
  7582 | D:8      | XOM: summons 6 hostile demons
  7702 | D:8      | XOM: cleaving
  7708 | D:8      | Killed Zaque's ghost
  7761 | D:9      | Found a hide-covered altar of Uskayaw.
  7953 | D:9      | Noticed a harpy
  7957 | D:9      | Killed a harpy
  7958 | D:9      | Reached skill level 10 in Fighting
  8030 | D:9      | Noticed a green ugly thing
  8031 | D:9      | XOM: chaos cloud
  8038 | D:9      | Killed a green ugly thing
  8171 | D:9      | Found an opulent altar of Gozag.
  8203 | D:9      | Noticed a two-headed ogre
  8205 | D:9      | Noticed Harold
  8209 | D:9      | Killed a two-headed ogre
  8214 | D:9      | Harold changed into Harold the bunyip
  8214 | D:9      | Noticed Harold
  8214 | D:9      | XOM: polymorph Harold -> Harold the bunyip
  8214 | D:9      | Mangled by Harold the bunyip

Illustrated notes

Levels and vault maps discovered:
D:1:      dpeg_arrival_chambers_temple_mockup, layout_rooms, serial_bayou,
          serial_bayou_pond_e, serial_bayou_pond_b, serial_bayou_pond_d,
          serial_bayou_pond_e, serial_bayou_crossing, serial_bayou_shore_a
D:2:      layout_basic, serial_shops, nicolae_shop_waterfront,
          serial_bayou_lagoon_b, uniq_robin, uniq_natasha, uniq_jessica
D:3:      layout_basic, lemuel_blue_sif_altar, wad_rectangle_vault
D:4:      layout_rooms, minmay_snake_closets, uniq_edmund, uniq_pikel,
          uniq_crazy_yiuf_cottage, uniq_eustachio
D:5:      layout_loops_ring, serial_shops, nicolae_shop_peninsula
D:6:      layout_loops_corners, grunt_temple_overflow_forces_of_nature,
          serial_shops, nicolae_shop_trees, minmay_hollow_rounded_squares
D:7:      layout_cave_pools, lemuel_mausoleum_altar_yredelemnul,
          minmay_temple_entry_drinking_statues
D:8:      layout_loops_ring, mainiacjoe_overflow_concentric_impassable,
          gammafunk_ghost_grave, minmay_misc_feat_alley,
          nicolae_take_the_stairs, hangedman_decor_growths, the_hattery,
          uniq_erica
D:9:      layout_irregular_city, mainiacjoe_overflow_catwalk,
          kennysheep_mini_moat, david_lair_shrubbed, kb_rosetta, uniq_harold,
          uniq_maggie

Skill      XL: |  1  2  3  4  5  6  7  8  9 10 11 |
---------------+----------------------------------+-----
Fighting       | 4 6 7 8 9 10 | 10.3
Axes           | 4 6 7 |  7.7
Evocations     | 1 4 5 7 9 10 11 | 11.7
Short Blades   | 1 4 5 6 |  6.5
Armour         | 3 5 6 |  6.3
Dodging        | |  0.8

Action                     |  1- 3 |  4- 6 |  7- 9 | 10-12 || total
---------------------------+-------+-------+-------+-------++-------
  Melee: Hand axe          |    41 |    84 |   165 |   108 ||   398
         Dagger            |    28 |    78 |   111 |       ||   217
         Quick blade       |       |       |    97 |   321 ||   418
         Headbutt          |       |       |    23 |    77 ||   100
         Scimitar          |       |       |       |    49 ||    49
  Throw: Throwing net      |       |       |       |     2 ||     2
  Evoke: Wand              |       |       |       |     1 ||     1
    Use: Scroll            |       |     6 |     7 |       ||    13
         Potion            |       |       |     8 |     1 ||     9
   Stab: Petrifying        |       |     3 |       |     1 ||     4
         Confused          |       |     1 |     4 |     6 ||    11
         Distracted        |       |       |     1 |       ||     1
         Paralysed         |       |       |     3 |     7 ||    10
         Sleeping          |       |       |     2 |       ||     2
 Armour: Leather armour    |    21 |    60 |   123 |   147 ||   351
  Dodge: Dodged            |    17 |    43 |    94 |   108 ||   262

Table legend: (Time is in decaauts)
 A = Elapsed time spent in this place.
 B = Non-inter-level travel time spent in this place.
 C = Inter-level travel time spent in this place.
 D = Time resting spent in this place.
 E = Time spent auto-exploring this place.
 F = Levels seen in this place.
 G = Mean time per level.
                   A        B        C        D        E       F      G
               +--------+--------+--------+--------+--------+-----+--------+
         Total |   8276 |   7981 |    295 |    529 |   6135 |   9 |  919.6 |
       Dungeon |   8276 |   7981 |    295 |    529 |   6135 |   9 |  919.6 |
               +--------+--------+--------+--------+--------+-----+--------+

Top non-repeatable levels by time:
     D:6: 1699 daAuts
     D:8: 1288 daAuts
     D:4: 997 daAuts
     D:3: 955 daAuts
     D:5: 814 daAuts
     D:7: 787 daAuts
     D:1: 770 daAuts
     D:9: 487 daAuts
     D:2: 475 daAuts
